 Dungeon Crawl Stone Soup version 0.28-a0-804-g60983d4ba9 (webtiles) character file.

Game seed: 1319930796145092439

23 cheechan the Ducker (level 2, 0/14 HPs)
             Began as a Felid Monk on Nov 8, 2021.
             Constricted to death by a ball python (1 damage)
             ... on level 1 of the Dungeon.
             The game lasted 00:02:32 (258 turns).

cheechan the Ducker (Felid Monk)                     Turns: 258, Time: 00:02:33

Health: 0/14       AC:  1    Str: 13    XL:     2   Next: 72%
Magic:  3/3        EV: 16    Int: 11    God:
Gold:   7          SH:  0    Dex: 18    Spells: 1/1 levels left
                                        Lives:  0   Deaths: 0

rFire   . . .      SeeInvis +     - Unarmed
rCold   . . .      Faith    .   (shield unavailable)
rNeg    . . .      Spirit   .   (armour unavailable)
rPois   .          Reflect  .   (helmet unavailable)
rElec   .          Harm     .   (cloak unavailable)
rCorr   .          Rampage  .   (gloves unavailable)
Will    .....                   (boots unavailable)
Stlth   +++.......              (no amulet)
HPRegen 0.04/turn               b - +6 ring of strength
MPRegen 0.08/turn               (no ring)

@: constricted, quick
A: very small, claws 1, fangs 3, see invisible, speed 1, shaggy fur 1, stealthy
paws, no weapons or thrown items, no armour, multi-lived
a: no special abilities


You were on level 1 of the Dungeon.
You visited 1 branch of the dungeon, and saw 1 of its levels.

You collected 7 gold pieces.

Inventory:

Jewellery
 b - a +6 ring of strength (left paw)
Potions
 a - a potion of curing {unknown}


   Skills:
 + Level 3.1 Fighting
 * Level 4.6 Dodging
 * Level 3.2 Stealth
 + Level 3.2 Unarmed Combat


You had one spell level left.
You didn't know any spells.
Your spell library was empty.

Dungeon Overview and Level Annotations

Branches:
Dungeon (1/15)

Altars:


Innate Abilities, Weirdness & Mutations

You have sharp claws.
You have razor-sharp teeth.
You have supernaturally acute eyesight. (SInv)
You cover ground quickly. (Speed+)
You are covered in fur. (AC +1)
Your paws help you pounce on unaware monsters.
You are incapable of wielding weapons or throwing items.
You cannot wear armour.
You gain extra lives every three experience levels.


Message History

You see here a giant cockroach corpse.
You see here a +0 short sword.
c - a scroll labelled ZUFILESKEKI
As you read the scroll labelled ZUFILESKEKI, it crumbles to dust.
You feel strangely unstable.
It was a scroll of teleportation.
You start resting.
Your surroundings suddenly seem different.
A kobold comes into view. It is wielding a +0 dagger.
Found 7 gold pieces.
Found a stone staircase leading down.
A kobold is nearby!
A goblin comes into view. It is wielding a +0 club.
The goblin shouts!
You claw the goblin!
You kill the goblin!
You start resting.
A goblin is nearby!
The goblin shouts!
There is a stone staircase leading down here.
The goblin barely misses you.
You scratch the goblin.
You kill the goblin!
There is a stone staircase leading down here.
You now have 7 gold pieces.
A ball python is nearby!
A ball python is nearby!
Found a stone staircase leading down.
The kobold shouts!
The ball python hisses angrily.
The kobold throws a stone.
The stone hits you.
* * * LOW HITPOINT WARNING * * *
The kobold closely misses you.
You scratch the kobold.
You kill the kobold!
The ball python completely misses you. The ball python grabs you.
The ball python constricts you.
* * * LOW HITPOINT WARNING * * *
You scratch the ball python but do no damage.
The ball python bites you.
* * * LOW HITPOINT WARNING * * *
The ball python constricts you.
You die...

#.# #... #.# #... #.#
#.. #.# #.. #.# #.#
####.#######.########
#.........##)........
#..)@........>.).....
#...S.....########...
#...........########...
#.#.........#......'...
#...........#...####...
......#+#####...# #...
##..#.# #...# ####
#..#> #...# # #...#


You could see a ball python.

Vanquished Creatures
  A dart slug (D:1)
  2 endoplasms (D:1)
  A giant cockroach (D:1)
  5 goblins (D:1)
  A hobgoblin (D:1)
  2 kobolds (D:1)
  3 ball pythons (D:1)
  2 bats (D:1)
  A rat (D:1)
18 creatures vanquished.

Notes
Turn   | Place    | Note
-------+----------+-------------------------------------------
     0 | D:1      | cheechan the Felid Monk began the quest for the Orb.
     0 | D:1      | Reached XP level 1. HP: 10/10 MP: 2/2
   113 | D:1      | Reached XP level 2. HP: 9/14 MP: 3/3
   258 | D:1      | Constricted to death by a ball python

Illustrated notes

Levels and vault maps discovered:
D:1:      saegor_arrival_under_anarchy, layout_basic, minmay_pentomino_z4

Skill      XL: |  1 |
---------------+----+-----
Stealth        | 3 |  3.2
Fighting       | |  3.1
Dodging        | |  4.6
Unarmed Combat | |  3.2

Action                   || total
-------------------------++-------
Melee: Unarmed           ||    36
       Bite              ||     2
  Use: Scroll            ||     1
 Stab: Sleeping          ||     5
Armor: Skin              ||     4
Dodge: Dodged            ||    42

Table legend: (Time is in decaauts)
 A = Elapsed time spent in this place.
 B = Non-inter-level travel time spent in this place.
 C = Inter-level travel time spent in this place.
 D = Time resting spent in this place.
 E = Time spent auto-exploring this place.
 F = Levels seen in this place.
 G = Mean time per level.
                   A        B        C        D        E       F      G
               +--------+--------+--------+--------+--------+-----+--------+
         Total |    223 |    223 |      0 |     56 |      0 |   1 |  223.0 |
       Dungeon |    223 |    223 |      0 |     56 |      0 |   1 |  223.0 |
               +--------+--------+--------+--------+--------+-----+--------+

Top non-repeatable levels by time:
     D:1: 223 daAuts
